 Dungeon Crawl Stone Soup version 0.29.0-7-g18a832c13a (webtiles) character file.

Game seed: 10086951660550196149

20 gelatine the Magician (level 3, -1/25 HPs)
             Began as a Djinni Air Elementalist on Aug 30, 2022.
             Slain by a quokka (3 damage)
             ... on level 2 of the Dungeon.
             The game lasted 00:02:31 (1046 turns).

gelatine the Magician (Djinni Air Elementalist)     Turns: 1046, Time: 00:02:32

Health: -1/25      AC:  2    Str:  7    XL:     3   Next: 0%
Gold:   28         EV: 12    Int: 18    God:
                   SH:  0    Dex: 13

rFire   + + .      SeeInvis .   (no weapon)
rCold   x . .      Faith    .   (no shield)
rNeg    . . .      Spirit   .   a - +0 robe
rPois   ∞          Reflect  .   (no helmet)
rElec   .          Harm     .   (no cloak)
rCorr   .          Rampage  .   (no gloves)
Will    .....                   (boots unavailable)
Stlth   ++........              (no amulet)
HPRegen 0.08/turn               (no ring)
MPRegen 0.00/turn               (no ring)

@: flying, very slightly contaminated
A: sickness immunity, fire resistance 2, cold vulnerability 1, float, innate
caster, HP casting, extra vitality 1
a: no special abilities


You were on level 2 of the Dungeon.
You visited 1 branch of the dungeon, and saw 2 of its levels.

You collected 28 gold pieces.

Inventory:

Armour
 a - a +0 robe (worn)
Magical Staves
 e - a staff of earth
Scrolls
 d - a scroll of magic mapping
 f - a scroll of teleportation {unknown}


   Skills:
 + Level 2.4 Dodging
 + Level 1.7 Stealth
 + Level 3.0 Spellcasting


You couldn't memorise any spells.
You knew the following spells:

 Your Spells              Type           Power      Damage    Failure   Level
a - Shock                 Conj/Air       52%        1d6       4%          1
b - Static Discharge      Conj/Air       13%        3-5/arc   7%          2
c - Swiftness             Air            13%        N/A       14%         3
d - Airstrike             Air            6%         2d(1-17)  43%         4
e - Beastly Appendage     Tmut           26%        N/A       4%          1
Your spell library was empty.

Dungeon Overview and Level Annotations

Branches:
Dungeon (2/15)

Altars:

Annotations:
D:2 Terence


Innate Abilities, Weirdness & Mutations

You are immune to sickness and miasma.
You are immune to poison.
Your flesh is very heat resistant. (rF++)
You are vulnerable to cold. (rC-)
You float through the air rather than walking.
You learn spells naturally, not from books.
Your magical power is your life essence.
You have superior vitality. (+4 MHP)


Message History

Confirm with . or Enter, or press ? or * to list all spells.
Aiming: Shock (safe; 4% risk of failure)
Press: ? - help, Shift-Dir - straight line, f/p - quokka
Aim: a quokka (almost dead, 56% to hit)
You miscast Shock.
Nothing appears to happen.
* * * LOW HITPOINT WARNING * * *
The quokka closely misses you.
Unknown command.
Casting: Shock (safe; 4% risk of failure)
Confirm with . or Enter, or press ? or * to list all spells.
Aiming: Shock (safe; 4% risk of failure)
Press: ? - help, Shift-Dir - straight line, f/p - quokka
Aim: a quokka (almost dead, 56% to hit)
You miscast Shock.
Nothing appears to happen.
* * * LOW HITPOINT WARNING * * *
The quokka bites you.
* * * LOW HITPOINT WARNING * * *
Casting: Shock (safe; 4% risk of failure)
Confirm with . or Enter, or press ? or * to list all spells.
Aiming: Shock (safe; 4% risk of failure)
Press: ? - help, Shift-Dir - straight line, f/p - quokka
Aim: a quokka (almost dead, 56% to hit)
The zap hits the quokka but does no damage.
The quokka is almost dead.
* * * LOW HITPOINT WARNING * * *
The quokka closely misses you. The quokka completely misses you.
Casting: Shock (safe; 4% risk of failure)
Confirm with . or Enter, or press ? or * to list all spells.
Aiming: Shock (safe; 4% risk of failure)
Press: ? - help, Shift-Dir - straight line, f/p - quokka
Aim: a quokka (almost dead, 56% to hit)
You miscast Shock.
Nothing appears to happen.
* * * LOW HITPOINT WARNING * * *
The quokka closely misses you.
Unknown command.
As you read the scroll labelled MARPHE HOUZUUBOERE, it crumbles to dust.
It is a scroll of identify.
d - a scroll of magic mapping The quokka bites you.
You die...

...............#
..~~≈~..........
≈.~≈≈~..........
~.~≈≈~..........
~.≈≈≈~..........
~$~~~~..........
................
.. #...<@.......
##..
##..r.......#
#....
#..#########
#..... #.#
####...... #.
#........# ..
.......#. #.
##.###.... ..
##.# #....


You could see a quokka.

Vanquished Creatures
  A dart slug (D:1)
  2 bats (D:1)
  4 endoplasms
  A giant cockroach (D:1)
  A goblin (D:1)
  A ball python (D:2)
  A frilled lizard (D:1)
  3 kobolds
  4 rats
18 creatures vanquished.

Notes
Turn   | Place    | Note
-------+----------+-------------------------------------------
     0 | D:1      | gelatine the Djinni Air Elementalist began the quest for
                  | the Orb.
     0 | D:1      | gelatine set off with the following spells memorised:
                  | Shock, Static Discharge, Swiftness, Airstrike.
     0 | D:1      | Reached XP level 1. HP: 15/15 MP: 0/0
   125 | D:1      | Reached XP level 2. HP: 19/21 MP: 0/0
   683 | D:2      | Reached skill level 3 in Spellcasting
   707 | D:2      | Noticed Terence
   989 | D:2      | Reached XP level 3. HP: 20/25 MP: 0/0
   989 | D:2      | Learned a level 1 spell: Beastly Appendage
  1046 | D:2      | Slain by a quokka

Illustrated notes

Levels and vault maps discovered:
D:1:      minmay_arrival_up_and_down, layout_rooms
D:2:      layout_rooms, serial_shops, nicolae_shop_window_shopping,
          minivault_14, grunt_decor_one_mirror, minmay_vboxes, uniq_terence

Skill      XL: |  1  2 |
---------------+-------+-----
Spellcasting   | 3 |  3.0
Dodging        | |  2.4
Stealth        | |  1.7

Action                   || total
-------------------------++-------
 Cast: Shock             ||    37
       Static Discharge  ||     2
  Use: Scroll            ||     2
Dodge: Dodged            ||     7
